 Dungeon Crawl Stone Soup version 0.30.0-5-g1a98f26d00 (webtiles) character file.

Game seed: 7446199809226356216

1833 monsoonserge the Covered (level 9, -3/66 HPs)
             Began as a Human Cinder Acolyte on May 12, 2023.
             Was a High Priest of Ignis.
             Slain by a hornet (13 damage)
             ... on level 7 of the Dungeon.
             The game lasted 00:21:55 (6015 turns).

monsoonserge the Covered (Human Cinder Acolyte)     Turns: 6015, Time: 00:21:55

Health: -3/66      AC: 13    Str: 18    XL:     9   Next: 33%
Magic:  9/12       EV: 10    Int: 16    God:    Ignis [*****.]
Gold:   128        SH:  0    Dex:  8    Spells: 8/12 levels left

rFire   + . .        a - -1 mace (flame)
rCold   . . .        (no shield)
rNeg    . . .        s - +0 scale mail
rPois   .            o - +0 helmet
rElec   .            (no cloak)
rCorr   .            (no gloves)
SInv    .            (no boots)
Will    .....        (no amulet) Stlth
                     m - +4 ring of protection
HPRegen 0.31/turn    x - ring of wizardry
MPRegen 0.13/turn

%: wizardry (x1)
@: slowed, very slow
A: no striking features
a: Renounce Religion, Fiery Armour, Foxfire Swarm, Rising Flame


You were on level 7 of the Dungeon.
You worshipped Ignis.
Ignis was extremely pleased with you.
You visited 1 branch of the dungeon, and saw 7 of its levels.

You collected 301 gold pieces.
You spent 173 gold pieces at shops.

Inventory:

Hand Weapons
 a - a -1 mace of flaming (weapon)
 l - a +1 shortbow of draining
Missiles
 b - 9 poisoned darts (quivered)
 r - 8 boomerangs
Armour
 c - a +0 leather armour
 e - a +0 chain mail
 o - a +0 helmet (worn)
 s - a +0 scale mail (worn)
 y - a +0 ring mail
Jewellery
 d - a ring of resist corrosion
 f - a ring of positive energy
 j - a ring of ice
 m - a +4 ring of protection (left hand)
 u - a ring of protection from fire
 x - a ring of wizardry (right hand)
Wands
 h - a wand of flame (15)
 q - a wand of quicksilver (5)
Scrolls
 i - 2 scrolls of poison {unknown}
 k - 3 scrolls of identify {unknown}
 n - 3 scrolls of fear {unknown}
 z - a scroll of teleportation {unknown}
 A - a scroll of immolation {unknown}
 C - a scroll of enchant weapon {unknown}
 D - a scroll of enchant armour {unknown}
Potions
 g - 2 potions of heal wounds
 p - 2 potions of might
 t - a potion of degeneration {unknown}
 v - a potion of haste {unknown}
 w - 3 potions of brilliance
 B - 3 potions of curing


   Skills:
 + Level 4.6 Fighting
 + Level 6.1 Maces & Flails
 + Level 1.9 Ranged Weapons
 - Level 7.0 Armour
 + Level 2.8 Dodging
 + Level 0.9 Stealth
 - Level 2.0 Spellcasting
 * Level 2.3 Translocations
 - Level 4.0 Fire Magic
 - Level 2.0 Evocations


You had 8 spell levels left.
You knew the following spells:

 Your Spells              Type           Power      Damage    Failure   Level
a - Scorch                Fire           28%        2d6       7%          2
b - Blink                 Tloc           18%        N/A       13%         2

Your spell library contained the following spells:

 Spells                   Type           Power      Damage    Failure   Level
 Lesser Beckoning         Tloc           18%        N/A       13%         2
 Momentum Strike          Conj/Tloc      10%        3d8       21%         2
 Gell's Gravitas          Tloc           9%         N/A       26%         3
 Teleport Other           Tloc           9%         N/A       26%         3
 Vhi's Electric Charge    Tloc/Air       10%        N/A       38%         3
 Stone Arrow              Conj/Erth      2%         3d7       52%         3
 Anguish                  Hex/Necr       0%         N/A       89%         4
 Animate Armour           Summ/Erth      2%         N/A       89%         4
 Cause Fear               Hex            0%         N/A       89%         4
 Arcjolt                  Conj/Air       0%         1d10      99%         5
 Plasma Beam              Fire/Air       4%         2x1d15    100%        6
 Enfeeble                 Hex            0%         N/A       100%        7
 Lehudib's Crystal Spear  Conj/Erth      0%         10d2      100%        8


Dungeon Overview and Level Annotations

Branches:
Dungeon (7/15)
 Temple: D:4-7

Altars:

Shops:
D:3 *   D:7 !*:


Message History

The hornet is no longer more vulnerable to fire.
The hornet stings you.
You are more poisoned.
You feel as though you will be slow longer.
The hornet stings you.
You feel as though you will be slow longer.
You closely miss the hornet.
The hornet is lightly wounded.
You feel very sick. The hornet closely misses you.
The hornet stings you but does no damage.
The hornet stings you.
You feel as though you will be slow longer.
Casting: Scorch (safe; 7% risk of failure)
Confirm with . or Enter, or press ? or * to list all spells.
Flames lash the hornet.
The hornet is moderately wounded.
The hornet's fire resistance burns away.
You feel very sick. The hornet closely misses you.
The hornet stings you but does no damage.
You closely miss the hornet.
The hornet is moderately wounded.
You feel very sick.
The hornet stings you but does no damage.
The hornet barely misses you.
The hornet stings you but does no damage.
You hit the hornet but do no damage.
The hornet is moderately wounded.
You feel sick.
The hornet is no longer more vulnerable to fire.
The hornet stings you!
* * * LOW HITPOINT WARNING * * *
You are lethally poisoned!
You feel as though you will be slow longer.
The hornet stings you!
* * * LOW HITPOINT WARNING * * *
You feel as though you will be slow longer.
You feel better. The hornet closely misses you. The hornet stings you!
You die...

.~~. #..#...##..........###
~~~~. #.##.♣..#..........#
.~≈..~#..♣.∩.♣#..........#
.~..~....##♣.............###
~~≈...##.#####..............
~~≈...##.##..............###
~~~~........#.#..........#
.~..~~........#........∩.#
~~~........@..#..........#
.≈≈~~......y..##...##)####
.≈≈...........#....##.######
#≈≈####.........#....))'..<.
#≈≈ #.......###.#....#####
## #.(...............#
#.?.........#.....#
.(.....####.......#
#..#..###


You could see a hornet.

Vanquished Creatures
  2 sky beasts (D:6)
  2 black bears
  An ice beast (D:5)
  An ogre (D:4)
  2 centaurs
  A phantom (D:5)
  4 bullfrogs
  6 scorpions
  A howler monkey (D:6)
  5 hounds
  2 iguanas
  2 sleepcaps (D:6)
  An orc wizard (D:7)
  7 adders
  A white imp (D:6)
  An ufetubus (D:6)
  A worm (D:3)
  3 dart slugs
  8 orcs
  7 endoplasms
  3 giant cockroaches
  9 goblins
  9 hobgoblins
  2 quokkas
  7 ball pythons
  5 bats
  4 frilled lizards
  2 kobolds
  6 rats
105 creatures vanquished.

Vanquished Creatures (others)
  12 foxfires (D:6)
12 creatures vanquished.

Grand Total: 117 creatures vanquished

Notes
Turn   | Place    | Note
-------+----------+-------------------------------------------
     0 | D:1      | monsoonserge the Human Cinder Acolyte began the quest for
                  | the Orb.
     0 | D:1      | Reached XP level 1. HP: 18/18 MP: 2/2
   190 | D:1      | Reached XP level 2. HP: 23/24 MP: 3/3
   777 | D:2      | Reached XP level 3. HP: 3/29 MP: 4/4
   783 | D:2      | Reached skill level 1 in Armour
  1106 | D:2      | Found a faded altar of an unknown god.
  1330 | D:2      | Reached XP level 4. HP: 34/35 MP: 5/5
  1713 | D:3      | Reached skill level 2 in Armour
  1925 | D:3      | Reached XP level 5. HP: 28/41 MP: 6/6
  2171 | D:3      | Found Okac's Assorted Antiques.
  2183 | D:3      | Bought a smoky yellow potion for 17 gold pieces
  2269 | D:4      | Noticed an ogre
  2460 | D:4      | Learned a level 2 spell: Scorch
  2868 | D:4      | Killed an ogre
  2869 | D:4      | Reached skill level 3 in Armour
  2869 | D:4      | Reached skill level 1 in Evocations
  2869 | D:4      | Reached XP level 6. HP: 48/48 MP: 2/7
  3152 | D:5      | Entered Level 5 of the Dungeon
  3260 | D:5      | Reached skill level 1 in Dodging
  3378 | D:5      | Reached XP level 7. HP: 53/53 MP: 1/9
  3484 | D:5      | Reached skill level 4 in Armour
  3874 | D:5      | Reached skill level 5 in Armour
  3874 | D:5      | Reached XP level 8. HP: 57/60 MP: 3/11
  4233 | D:5      | Reached skill level 5 in Maces & Flails
  4771 | D:6      | Reached skill level 6 in Armour
  4859 | D:6      | Learned a level 2 spell: Blink
  5125 | D:6      | Reached skill level 1 in Translocations
  5125 | D:6      | Reached XP level 9. HP: 31/66 MP: 8/12
  5256 | D:6      | Reached skill level 7 in Armour
  5713 | D:7      | Found Iroawapa's Book Shop.
  5757 | D:7      | Found Miuge's Assorted Antiques.
  5859 | D:7      | Found Dolop's Distillery.
  5883 | D:7      | Reached skill level 1 in Ranged Weapons
  5986 | D:7      | Bought a potion of heal wounds for 65 gold pieces
  5986 | D:7      | Bought a potion of curing for 39 gold pieces
  5986 | D:7      | Bought a potion of might for 52 gold pieces
  6005 | D:7      | Noticed a hornet
  6014 | D:7      | HP: 2/66 [hornet (10)]
  6015 | D:7      | Slain by a hornet

Illustrated notes

Levels and vault maps discovered:
D:1:      amcnicky_arrival_choice, layout_loops_ring
D:2:      layout_rooms, ebering_ecumenical_altar_box
D:3:      layout_basic, serial_shops, nicolae_shop_competitors_out_of_business,
          nicolae_hexahallways
D:4:      layout_cave_pods
D:5:      layout_gridville
D:6:      layout_gridville
D:7:      layout_rooms, minmay_temple_entry_gardened_gates, serial_shops,
          nicolae_shop_hallway_stairs, nicolae_shop_trees, shop, shop_statue,
          nicolae_shop_drivethru, serial_rivers, chequers_serial_rivers_micro_a,
          chequers_serial_rivers_large_b, chequers_serial_rivers_marsh,
          chequers_serial_rivers_marsh, chequers_serial_rivers_small_3,
          chequers_serial_rivers_marsh, minmay_gold_behind_fungi,
          grunt_ministairs_6

Skill      XL: |  1  2  3  4  5  6  7  8  9 |
---------------+----------------------------+-----
Armour         | 1 2 3 5 6 7 |  7.0
Maces & Flails | 4 5 6 |  6.1
Evocations     | 1 2 |  2.0
Dodging        | 1 2 |  2.8
Spellcasting   | 2 |  2.0
Fire Magic     | 4 |  4.0
Fighting       | 4 |  4.6
Translocations | 1 2 |  2.3
Ranged Weapons | 1 |  1.9
Stealth        | |  0.9

Action                     |  1- 3 |  4- 6 |  7- 9 || total
---------------------------+-------+-------+-------++-------
  Melee: Mace              |   107 |   150 |   129 ||   386
         Punch             |       |     1 |       ||     1
   Fire: Shortbow          |       |       |    14 ||    14
  Throw: Dart              |       |       |     2 ||     2
   Cast: Scorch            |       |    11 |    49 ||    60
         Blink             |       |       |     1 ||     1
 Invoke: Foxfire Swarm     |       |       |     1 ||     1
         Fiery Armour      |       |       |     1 ||     1
  Evoke: Wand              |       |       |     2 ||     2
    Use: Potion            |     1 |       |     1 ||     2
 Armour: Leather armour    |    10 |       |       ||    10
         Robe              |     1 |       |       ||     1
         Chain mail        |    65 |    60 |       ||   125
         Scale mail        |       |    45 |   114 ||   159
  Dodge: Dodged            |    51 |    80 |    63 ||   194
